 Dungeon Crawl Stone Soup version 0.18.1-6-gd335043 (webtiles) character file.

12265 inmateoo the Basher (level 11, 0/120 HPs)
             Began as an Ogre Chaos Knight on May 17, 2016.
             Slain by a wolf spider zombie (14 damage)
             ... on level 12 of the Dungeon.
             The game lasted 00:22:04 (13654 turns).

inmateoo the Basher (Ogre Chaos Knight)            Turns: 13654, Time: 00:22:05

Health: 0/120      AC: 11    Str: 27    XL:     11   Next: 90%
Magic:  17/17      EV: 10    Int: 13    God:    Xom [...*..]
Gold:   685        SH:  0    Dex: 13    Spells: 1 memorised, 12 levels left

rFire  . . .     SeeInvis .     a - +0 mace (chaos)
rCold  . . .     Gourm    .     b - +2 robe
rNeg   . . .     Faith    .     m - +0 shield
rPois  +         Spirit   .     (helmet restricted)
rElec  .         Dismiss  .     q - +1 cloak
rCorr  .         Reflect  .     (gloves unavailable)
SustAt .         Harm     .     (boots unavailable)
MR     +....                    (no amulet)
Stlth  +.........               t - +2 ring of slaying
                                x - ring of Chaos {Str+7 Int+2 Slay+2}

@: confused, somewhat resistant to hostile enchantments, very unstealthy
A: unfitting armour, claws 1, fangs 1, icy blue scales 1, yellow scales 1, agile
1, blink, poison resistance, shaggy fur 1, tough skin 1, wild magic 1
a: Blink, Renounce Religion


You were on level 12 of the Dungeon.
You worshipped Xom.
You were a favourite toy of Xom.
You were not hungry.

You visited 1 branch of the dungeon, and saw 12 of its levels.

You collected 685 gold pieces.

Inventory:

Hand Weapons
 a - a +0 mace of chaos (weapon)
 w - a +0 giant club
 I - a +0 whip of flaming
 K - a +1 whip of freezing
 M - a +1 giant spiked club
Missiles
 N - 5 large rocks (quivered)
Armour
 b - a +2 robe (worn)
 m - a +0 shield (worn)
 q - a +1 cloak (worn)
Jewellery
 h - a +4 ring of strength
 t - a +2 ring of slaying (right claw)
 x - the ring of Chaos (left claw) {Str+7 Int+2 Slay+2}
   (Xom gifted it to you on level 4 of the Dungeon)

   [ring of intelligence]

   It affects your strength (+7).
   It affects your intelligence (+2).
   It affects your accuracy and damage with ranged weapons and melee attacks
   (+2).
 F - an uncursed ring of fire
 P - an uncursed ring of positive energy {unknown}
Wands
 y - a wand of slowing (25/48)
 D - a wand of flame (2/48)
 E - a wand of acid (0/15)
 H - a wand of polymorph (9/24)
 J - a wand of iceblast (2/15)
 L - a wand of slowing (21/48)
 O - a wand of confusion (22/48)
 R - a wand of polymorph (17/24)
Scrolls
 e - a scroll of teleportation
 g - 3 scrolls of enchant weapon
 k - 6 scrolls of remove curse
 n - 3 scrolls of enchant armour
 o - 2 scrolls of fog
 s - a scroll of noise
 z - 4 scrolls of identify
 T - a scroll of random uselessness {unknown}
Potions
 f - 2 potions of resistance
 i - 3 potions of cure mutation
 j - 5 potions of haste
 l - 6 potions of curing
 r - 2 potions of brilliance
 v - a potion of cancellation
 C - 3 potions of flight
 G - a potion of ambrosia
Books
 u - a book of the Earth

   Spells                             Type                      Level
   a - Leda's Liquefaction            Hexes/Earth                  4
   b - Bolt of Magma                  Conjuration/Fire/Earth       5
   c - Statue Form                    Transmutation/Earth          6
   d - Iron Shot                      Conjuration/Earth            6
   e - Shatter                        Earth                        9
Comestibles
 c - 7 bread rations
 d - 10 slices of pizza
 p - 4 meat rations
 B - 3 fruits
 Q - 2 beef jerkies


   Skills:
 + Level 11.4 Fighting
 * Level 14.5 Maces & Flails
 + Level 6.5 Armour
 + Level 7.4 Dodging
 + Level 4.0 Spellcasting
 + Level 2.9 Earth Magic


You had 12 spell levels left.
You knew the following spells:

 Your Spells              Type           Power        Failure   Level  Hunger
a - Statue Form           Trmt/Erth      #........    100%        6    #######


Dungeon Overview and Level Annotations

Branches:
Dungeon (12/15)            Temple (0/1) D:7            Lair (0/8) D:11
    Orc (0/2) D:10

Altars:
Dithmenos
Gozag
Kikubaaqudgha
Ru
Xom
Yredelemnul
Zin

Shops:
D:9 (   D:11 *


Innate Abilities, Weirdness & Mutations

You are too large for most types of armour.
You have tough skin (AC +1).
You have sharp fingernails.
You have very sharp teeth.
You are partially covered in icy blue scales (AC +1).
You are partially covered in yellow scales (AC +2).
You are agile. (Dex +2)
You can translocate small distances at will.
Your system is resistant to poisons.
You are covered in fur (AC +1).
Your spells are a little harder to cast, but a little more powerful.


Message History

You feel invigorated.
You are now a favourite toy of Xom.
Something hits you.
* * * LOW HITPOINT WARNING * * *
Something bites you but does no damage.
Unknown command.
You bump into the rock wall.
Something hits you.
* * * LOW HITPOINT WARNING * * *
Something bites you.
* * * LOW HITPOINT WARNING * * *
Something hits you.
* * * LOW HITPOINT WARNING * * *
Something bites you!
* * * LOW HITPOINT WARNING * * *
Unknown command.
You're too confused!
Unknown command.
You bump into the rock wall.
Something hits you!
You die...
Xom yawns loudly!

############
#..{@....:..
#.########## #.
#.# . ####.
#.#.#
....####.#.#####
#<............#
∆
#.............#
#.............#
#....W........#


There were no monsters in sight!

Vanquished Creatures
  The ghost of Rationalist the Blocker, a journeyman FoFi of Qazlal (D:10)
  Sonja (D:11)
  An unseen horror (D:8)
  2 hill giants
  An ugly thing (D:11)
  A spiny frog (D:10)
  A gargoyle (D:10)
  2 centaur skeletons
  A troll (D:10)
  9 yaks
  A human (D:11)
  2 hippogriffs
  5 sky beasts
  5 ice beasts
  A porcupine (D:11)
  2 orc warriors
  A necrophage (D:5)
  A wasp (D:10)
  4 phantoms
  6 ogres
  4 crocodiles (D:11)
  5 centaurs
  2 big kobolds (D:6)
  5 giant frogs
  A gnoll sergeant (D:9)
  7 scorpions
  8 killer bees
  7 howler monkeys
  4 electric eels
  2 crimson imps
  2 centaur zombies
  4 jellies
  8 orc wizards
  3 giant frog zombies
  6 orc priests
  A gnoll shaman (D:6)
  2 hounds
  3 giant frog skeletons
  5 iguanas
  Terence (D:2)
  2 hell rats (D:11)
  4 worker ants
  3 sheep (D:11)
  3 hound skeletons
  21 gnolls
  A worker ant zombie (D:6)
  14 adders
  3 shadow imps
  4 adder skeletons
  A worm (D:2)
  3 dart slugs
  9 giant geckos
  32 orcs
  A ball python (D:1)
  5 giant cockroaches
  7 goblins
  14 hobgoblins
  29 jackals
  46 kobolds
  5 quokkas
  11 bats
  A giant gecko skeleton (D:8)
  8 giant newts
  10 rats
  A spectral orc (D:2)
  A plant (D:8)
367 creatures vanquished.

Vanquished Creatures (collateral kills)
  An electric eel (D:8)
  An orc (D:4)
  2 jackals (D:5)
  A plant (D:8)
5 creatures vanquished.

Vanquished Creatures (others)
  A yak (D:10)
  A fire vortex (D:10)
  A plant (D:8)
3 creatures vanquished.

Grand Total: 375 creatures vanquished

Notes
Turn   | Place    | Note
--------------------------------------------------------------
     0 | D:1      | inmateoo the Ogre Chaos Knight began the quest for the Orb.
     0 | D:1      | Reached XP level 1. HP: 24/24 MP: 1/1
   109 | D:1      | Reached XP level 2. HP: 29/32 MP: 2/2
   325 | D:1      | XOM: harmless Hex miscast
   328 | D:1      | XOM: potion effect (berserk rage)
   329 | D:1      | Reached XP level 3. HP: 8/40 MP: 3/3
   332 | D:1      | Reached skill level 1 in Armour
   598 | D:1      | Reached skill level 5 in Maces & Flails
   659 | D:1      | XOM: summons 1 hostile demon
   698 | D:1      | XOM: give mutation
   698 | D:1      | Gained mutation: You are covered in fur (AC +1). [Xom's mischief]
   857 | D:1      | Reached XP level 4. HP: 34/49 MP: 4/4
   904 | D:1      | XOM: 2-stop teleportation journey
  1719 | D:2      | XOM: harmless Erth miscast
  1779 | D:2      | Found a basalt altar of Yredelemnul.
  1866 | D:2      | Reached XP level 5. HP: 51/55 MP: 5/5
  2003 | D:2      | Reached skill level 5 in Fighting
  2096 | D:2      | Reached skill level 6 in Maces & Flails
  2196 | D:3      | Noticed Terence
  2203 | D:2      | Reached XP level 6. HP: 35/66 MP: 6/6
  2416 | D:2      | Killed Terence
  2935 | D:3      | XOM: 8-stop teleportation journey
  3079 | D:3      | XOM: summons 3 hostile demons
  3080 | D:3      | Noticed an orange demon
  3403 | D:4      | Noticed a phantom
  3403 | D:4      | XOM: torment (34/66 hp)
  3404 | D:4      | XOM: cast spell 'Summon Butterflies'
  3416 | D:4      | XOM: swap monsters
  3463 | D:3      | XOM: stat loss: -1 Str (22/23)
  3597 | D:4      | Reached skill level 7 in Maces & Flails
  3597 | D:4      | Reached XP level 7. HP: 67/74 MP: 7/7
  3597 | D:4      | XOM: scenery: create altars
  3609 | D:4      | XOM: god gift: 2 needles of confusion
  3806 | D:4      | XOM: summons friendly white imp
  3807 | D:4      | XOM: give mutations
  3807 | D:4      | Gained mutation: You are agile. (Dex +2) [Xom's grace]
  3807 | D:4      | Gained mutation: You have very sharp teeth. [Xom's grace]
  3807 | D:4      | Gained mutation: Your system is resistant to poisons. [Xom's grace]
  3977 | D:4      | XOM: god gift: clouded bronze ring {god gift}
  3978 | D:4      | Got a clouded bronze ring {god gift}
  4086 | D:5      | Entered Level 5 of the Dungeon
  4092 | D:5      | Reached skill level 8 in Maces & Flails
  4093 | D:5      | XOM: summons friendly iron imp
  4097 | D:5      | Found a sacrificial altar of Ru.
  4097 | D:5      | XOM: swap monsters
  4241 | D:5      | Reached XP level 8. HP: 70/84 MP: 8/8
  4350 | D:5      | Reached skill level 9 in Maces & Flails
  4569 | D:5      | Found a glowing silver altar of Zin.
  4611 | D:6      | XOM: stealth player
  4854 | D:6      | Reached skill level 10 in Maces & Flails
  4978 | D:6      | Reached XP level 9. HP: 73/93 MP: 9/9
  5363 | D:5      | XOM: harmless Tloc miscast
  5405 | D:6      | XOM: harmless Pois miscast
  5551 | D:6      | Identified the ring of Chaos {Str+7 Int+2 Slay+2} (Xom gifted it to you on level 4 of the Dungeon)
  5570 | D:6      | Reached skill level 5 in Dodging
  6097 | D:6      | XOM: enchant monster (good)
  6438 | D:6      | XOM: 6-stop teleportation journey
  6492 | D:6      | XOM: colour smoke trail
  6736 | D:7      | Found a staircase to the Ecumenical Temple.
  6785 | D:7      | Reached skill level 11 in Maces & Flails
  7155 | D:7      | Found a shadowy altar of Dithmenos.
  7340 | D:7      | XOM: harmless Pois miscast
  7341 | D:7      | XOM: confusion
  7747 | D:8      | Reached XP level 10. HP: 98/107 MP: 10/10
  7794 | D:8      | Reached skill level 12 in Maces & Flails
  7822 | D:8      | XOM: blink monster(s)
  7831 | D:8      | Reached skill level 5 in Armour
  7982 | D:8      | XOM: enchant monster (bad)
  8768 | D:8      | XOM: swap monsters
  8790 | D:8      | XOM: god gift: wand of slowing {god gift}
  8845 | D:8      | XOM: scenery: create altars
  8885 | D:8      | XOM: god gift: scroll of enchant armour
  8972 | D:8      | Killed an unseen horror
  9246 | D:9      | Found an ancient bone altar of Kikubaaqudgha.
  9316 | D:9      | Found Naseus's Weapon Boutique.
  9360 | D:9      | Reached skill level 10 in Fighting
  9376 | D:9      | Learned a level 6 spell: Statue Form
  9455 | D:9      | XOM: confuse monster(s)
  9459 | D:9      | XOM: divination: detect creatures
  9647 | D:9      | XOM: medium Pois miscast
  9765 | D:9      | XOM: harmless Air miscast
  9775 | D:9      | XOM: mild Necr miscast
  9824 | D:10     | Entered Level 10 of the Dungeon
  9907 | D:10     | XOM: destruction
 10186 | D:10     | XOM: medium Fire miscast
 10209 | D:10     | Noticed a hill giant
 10211 | D:10     | XOM: noise
 10217 | D:10     | Killed a hill giant
 10217 | D:10     | Reached skill level 13 in Maces & Flails
 10217 | D:10     | Reached skill level 1 in Spellcasting
 10354 | D:10     | XOM: silly message
 10407 | D:9      | XOM: harmless Pois miscast
 10411 | D:9      | XOM: destruction
 10422 | D:9      | XOM: polymorph two-headed ogre -> ogre
 10428 | D:9      | Reached skill level 1 in Earth Magic
 10538 | D:9      | XOM: divination: magic mapping
 10760 | D:10     | XOM: divination: detect creatures
 10764 | D:10     | XOM: noise
 10768 | D:10     | XOM: mild Trmt miscast
 10772 | D:10     | XOM: harmless Fire miscast
 10796 | D:10     | Noticed Rationalist's ghost (journeyman FoFi)
 10801 | D:10     | XOM: chaos cloud
 10809 | D:10     | XOM: mild Fire miscast
 10840 | D:10     | XOM: 3-stop teleportation journey
 10845 | D:10     | XOM: mild Hex miscast
 11127 | D:10     | XOM: summons 3 friendly demons
 11134 | D:10     | Killed Rationalist's ghost
 11134 | D:10     | Reached XP level 11. HP: 83/118 MP: 12/14
 11184 | D:10     | Found a staircase to the Orcish Mines.
 11509 | D:10     | XOM: divine lightning
 11674 | D:10     | XOM: give mutation
 11674 | D:10     | Gained mutation: You are partially covered in icy blue scales (AC +1). [Xom's grace]
 11969 | D:11     | Found Feanu's General Store.
 12042 | D:11     | Found a staircase to the Lair.
 12047 | D:11     | XOM: give mutations
 12047 | D:11     | Gained mutation: You can translocate small distances at will. [Xom's grace]
 12047 | D:11     | Gained mutation: You are partially covered in yellow scales (AC +2). [Xom's grace]
 12047 | D:11     | Gained mutation: Your spells are a little harder to cast, but a little more powerful. [Xom's grace]
 12047 | D:11     | Gained mutation: You have sharp fingernails. [Xom's grace]
 12154 | D:11     | XOM: divination: magic mapping
 12201 | D:11     | Noticed a purple ugly thing
 12214 | D:11     | Noticed Sonja
 12250 | D:11     | XOM: god gift: 19 sling bullets
 12527 | D:11     | Found an opulent altar of Gozag.
 12649 | D:11     | XOM: mild Trmt miscast
 12661 | D:11     | XOM: divination: magic mapping
 12670 | D:11     | Killed a purple ugly thing
 12670 | D:11     | Reached skill level 14 in Maces & Flails
 12831 | D:11     | XOM: potion effect (haste)
 12836 | D:11     | Killed Sonja
 13094 | D:11     | XOM: divination: detect creatures
 13200 | D:11     | XOM: silly message
 13317 | D:11     | XOM: harmless Trmt miscast
 13318 | D:12     | Noticed a hill giant
 13352 | D:12     | XOM: divination: detect items
 13357 | D:12     | XOM: summons friendly ufetubus
 13359 | D:12     | Killed a hill giant
 13613 | D:12     | XOM: harmless Erth miscast
 13637 | D:12     | XOM: swap monsters
 13654 | D:12     | Slain by a wolf spider zombie

Skill      XL: |  1  2  3  4  5  6  7  8  9 10 11 |
---------------+----------------------------------+-----
Armour         | 1 2 3 4 6 |  6.5
Maces & Flails | 5 6 7 8 10 11 13 14 | 14.5
Fighting       | 5 6 7 9 10 11 | 11.4
Dodging        | 3 4 5 6 7 |  7.4
Spellcasting   | 2 4 |  4.0
Earth Magic    | 1 2 |  2.9

Action                   |  1- 3 |  4- 6 |  7- 9 | 10-12 || total
-------------------------+-------+-------+-------+-------++-------
Melee: Mace              |    81 |   219 |   454 |   451 ||  1205
       Bite              |       |       |    69 |    80 ||   149
Evoke: Wand              |       |       |     8 |     6 ||    14
  Use: Scroll            |       |     4 |     6 |    11 ||    21
       Potion            |       |       |       |     4 ||     4
 Stab: Sleeping          |     2 |     6 |     5 |     1 ||    14
       Paralysed         |       |       |    10 |       ||    10
       Confused          |       |       |     4 |     4 ||     8
       Petrifying        |       |       |     1 |     1 ||     2
  Eat: Chunk             |     1 |     8 |    15 |    19 ||    43
Armor: Robe              |    51 |   115 |   161 |   146 ||   473
       Skin              |       |       |       |     2 ||     2
Dodge: Dodged            |    50 |    88 |   187 |   118 ||   443
Block: Shield            |       |    78 |   194 |   130 ||   402
